 Dungeon Crawl Stone Soup version 0.23-a0-417-gf02c810 (webtiles) character file.

292 Agosen the Archer (level 6, -6/51 HPs)
             Began as a Centaur Hunter on Nov 10, 2018.
             Killed from afar by Sigmund (10 damage)
             ... with a puff of flame
             ... on level 5 of the Dungeon.
             The game lasted 00:12:27 (2419 turns).

Agosen the Archer (Centaur Hunter)                  Turns: 2419, Time: 00:12:29

Health: -6/51      AC:  8    Str: 14    XL:     6   Next: 10%
Magic:  6/6        EV:  9    Int: 10    God:
Gold:   63         SH:  0    Dex: 12    Spells: 5/5 levels left

rFire    . . .     SeeInvis .   a - +1 shortbow
rCold    . . .     Gourm    .   (shield currently unavailable)
rNeg     + . .     Faith    .   c - +0 leather armour
rPois    .         Spirit   .   j - +2 helmet
rElec    .         Reflect  .   i - +0 cloak
rCorr    .         Harm     .   (no gloves)
MR       .....                  (no barding)
Stlth    +.........             g - amulet of rage
HPRegen  0.17/turn              x - ring of positive energy
MPRegen  0.10/turn              (no ring)

@: very quick
A: large, hooves 3, deformed body, speed 2, tough skin 3
a: Evoke Berserk Rage


You were on level 5 of the Dungeon.
You were not hungry.

You visited 1 branch of the dungeon, and saw 5 of its levels.

You collected 63 gold pieces.

Inventory:

Hand Weapons
 a - a +1 shortbow (weapon)
 b - a +0 short sword
 d - a +0 blowgun
 e - a +2 quarterstaff of chaos
 n - a +2 mace of draining
 o - a +2 mace of crushing
 q - a +0 hand axe of freezing
Missiles
 p - 12 poisoned needles
 s - 8 arrows (quivered)
Armour
 c - a +0 leather armour (worn)
 i - a +0 cloak (worn)
 j - a +2 helmet (worn)
 k - a +1 pair of boots
Jewellery
 g - an amulet of rage (around neck)
 x - a ring of positive energy (left hand)
Wands
 u - a wand of random effects (17)
Scrolls
 h - a scroll of blinking {unknown}
 l - 2 scrolls of remove curse
 m - a scroll of fog
 t - 2 scrolls of identify
 y - 3 scrolls of magic mapping {unknown}
Potions
 r - a potion of berserk rage
Comestibles
 f - 5 rations


   Skills:
 + Level 3.2 Fighting
 + Level 8.4 Bows
 + Level 1.1 Armour
 + Level 1.6 Dodging
 + Level 0.9 Stealth


You had 5 spell levels left.
You didn't know any spells.
Your spell library contained the following spells:

 Spells                   Type           Power        Failure   Level  Hunger
 Summon Small Mammal      Summ           #...         43%         1    ##.....
 Call Imp                 Summ           #.......     56%         2    ###....
 Call Canine Familiar     Summ           #.......     80%         3    ####...
 Summon Guardian Golem    Hex/Summ       #.......     80%         3    ####...
 Summon Ice Beast         Ice/Summ       #.......     99%         4    #####..
 Summon Lightning Spire   Summ/Air       #.......     99%         4    #####..


Dungeon Overview and Level Annotations

Branches:
Dungeon (6/15)             Temple (0/1) D:5

Altars:

Annotations:
D:5 Sigmund


Innate Abilities, Weirdness & Mutations

You have hooves in place of feet.
Armour fits poorly on your strangely shaped body.
You cover ground very quickly.
You have extremely tough skin. (AC +3)


Message History

Okay, then.
a - a +1 shortbow (weapon)
Sigmund gestures at you while chanting. The puff of flame hits you!
* * * LOW HITPOINT WARNING * * *
Found a stone staircase leading down.
There is a stone staircase leading down here.
You climb downwards.
Reactivating autopickup.
A bullfrog and 3 gnolls come into view.
The gnoll shouts! x2
There is a stone staircase leading up here.
You climb upwards.
Level annotation: Sigmund
There is a stone staircase leading down here.
You can't go up here!
Sigmund gestures at you while chanting. The puff of flame hits you!
You die...

†...#
#.#.#.#...........#
....#
#.#.#.##.#.########
....# #.#.#.##...###
....# #.#.#...@....#
....# #.#.#........#
....# #.#{#........#
....# #.#.#........#
########.#.#........#
.(..(((..#.#....@...#
####.......#.....>..#
#.########.......#
#.# ######### #.# #.#
#g# #.# #.#


You could see Sigmund.

Vanquished Creatures
  A hound (D:5)
  An orc priest (D:5)
  Crazy Yiuf (D:2)
  Ijyb (D:5)
  Natasha (twice) (D:2)
  2 worker ants (D:5)
  An adder (D:2)
  An adder skeleton (D:5)
  A worm (D:3)
  4 leopard geckos
  5 orcs (D:5)
  7 bats
  A giant cockroach (D:1)
  5 goblins
  8 hobgoblins
  2 jackals (D:5)
  5 kobolds
  A quokka (D:3)
  A frilled lizard (D:1)
  A jackal skeleton (D:5)
  A rat (D:1)
52 creatures vanquished.

Vanquished Creatures (others)
  Natasha (D:2)
1 creature vanquished.

Grand Total: 53 creatures vanquished

Notes
Turn   | Place    | Note
-------+----------+-------------------------------------------
     0 | D:1      | Agosen the Centaur Hunter began the quest for the Orb.
     0 | D:1      | Reached XP level 1. HP: 17/17 MP: 1/1
   103 | D:1      | Reached XP level 2. HP: 24/24 MP: 2/2
   412 | D:1      | Reached skill level 6 in Bows
   855 | D:2      | Found a runed door.
   860 | D:2      | Noticed Crazy Yiuf
   882 | D:2      | Killed Crazy Yiuf
   882 | D:2      | Reached XP level 3. HP: 9/29 MP: 0/3
  1372 | D:2      | Reached XP level 4. HP: 37/37 MP: 4/4
  1516 | D:2      | Noticed Natasha
  1525 | D:2      | Killed Natasha
  1525 | D:2      | Reached skill level 7 in Bows
  1559 | D:2      | Noticed Natasha
  1568 | D:2      | Killed Natasha
  1574 | D:2      | Noticed Natasha
  1580 | D:2      | Killed Natasha
  1861 | D:3      | Found a faded altar of an unknown god.
  1877 | D:3      | Reached XP level 5. HP: 44/44 MP: 5/5
  1931 | D:3      | You fall through a shaft for 2 floors!
  1931 | D:5      | Entered Level 5 of the Dungeon
  2039 | D:5      | Reached skill level 8 in Bows
  2056 | D:5      | Found a staircase to the Ecumenical Temple.
  2080 | D:5      | Reached skill level 1 in Armour
  2203 | D:5      | Noticed Sigmund
  2226 | D:5      | Reached XP level 6. HP: 46/51 MP: 6/6
  2260 | D:5      | Noticed Ijyb
  2276 | D:5      | Paralysed by Ijyb for 3 turns
  2300 | D:5      | Killed Ijyb
  2345 | D:5      | HP: 2/51 [something/magic dart (5)]
  2403 | D:5      | HP: 2/51 [Sigmund/puff of flame (8)]
  2419 | D:5      | Killed from afar by Sigmund

Vault maps used:
D:1:      roderic_dead_forest
D:2:      uniq_natasha, uniq_crazy_yiuf_cottage
D:3:      chequers_temple_overflow_minitemple, chequers_ecumenical_altar_simple,
          first_ration
D:5:      corexii_shack_village, minmay_temple_entry_large_hall,
          nicolae_ru_the_path_less_chosen, uniq_ijyb, uniq_sigmund
D:6:      uniq_grinder

Skill      XL: |  1  2  3  4  5 |
---------------+----------------+-----
Bows           | 6 7 8 |  8.4
Fighting       | 3 |  3.2
Armour         | 1 |  1.1
Dodging        | |  1.6
Stealth        | |  0.9

Action                   |  1- 3 |  4- 6 || total
-------------------------+-------+-------++-------
Melee: Shortbow          |    11 |     2 ||    13
       Kick              |     3 |     4 ||     7
       Quarterstaff      |       |     5 ||     5
       Blowgun           |       |     4 ||     4
 Fire: Shortbow          |    68 |   109 ||   177
  Use: Potion            |     2 |     3 ||     5
       Scroll            |       |     4 ||     4
 Stab: Invisible         |     1 |       ||     1
  Eat: Ration            |     1 |       ||     1
Armor: Leather armour    |    10 |    16 ||    26
Dodge: Dodged            |    18 |    13 ||    31

Table legend:
 A = Non-vault XP
 B = Vault XP
 C = Vault XP percentage of total XP
 D = Non-vault monster count
 E = Vault monster count
 F = Vault count percentage of total count
                 A         B        C        D         E       F
            +---------+---------+-------+---------+---------+-------
      Total |     300 |     118 |  28.2 |      45 |       8 |  15.1
            +---------+---------+-------+---------+---------+-------
        D:1 |      29 |       0 |   0.0 |      16 |       0 |   0.0
        D:2 |      88 |      74 |  45.7 |      12 |       2 |  14.3
        D:3 |      10 |       0 |   0.0 |       3 |       0 |   0.0
        D:5 |     173 |      44 |  20.3 |      14 |       6 |  30.0
            +---------+---------+-------+---------+---------+-------
